 Dungeon Crawl Stone Soup version 0.28.0-45-g0d030f2227 (webtiles) character file.

Game seed: 1513496792371782310

157742 Peloso the Fencer (level 17, -9/165 HPs)
             Began as a Minotaur Fighter on Apr 1, 2022.
             Was a High Priest of Okawaru.
             Mangled by a culicivora (18 damage)
             ... on level 2 of the Spider Nest.
             The game lasted 01:38:35 (30550 turns).

Peloso the Fencer (Minotaur Fighter)               Turns: 30550, Time: 01:38:35

Health: -9/165     AC: 23    Str: 33    XL:     17   Next: 13%
Magic:  16/16      EV: 10    Int:  2    God:    Okawaru [*****.]
Gold:   3918       SH: 15    Dex: 14    Spells: 16/16 levels left

rFire   + . .      SeeInvis .   a - +10 Maxwell's thermic engine {flame, freeze}
rCold   + + .      Faith    .   d - +0 kite shield
rNeg    . . .      Spirit   .   P - +2 plate armour {rPois}
rPois   +          Reflect  .   (helmet restricted)
rElec   +          Harm     .   O - scarf {rC+ rF+}
rCorr   .          Rampage  .   s - +2 pair of gloves {hurl}
Will    +++..                   (no boots)
Stlth   ..........              g - amulet of regeneration
HPRegen 1.17/turn               Z - +6 ring of strength
MPRegen 0.15/turn               B - ring of Jaic {rElec rC+ Will++ Int-3 Dex+2}

@: no status effects
A: horns 2, retaliatory headbutt, low MP 1
a: Renounce Religion, Heroism, Finesse, Duel


You were on level 2 of the Spider Nest.
You worshipped Okawaru.
Okawaru was extremely pleased with you.
You visited 6 branches of the dungeon, and saw 28 of its levels.
You also visited: Trove, Sewer, Ice Cave and Volcano.

You collected 4490 gold pieces.
You spent 572 gold pieces at shops.

Inventory:

Hand Weapons
 a - the +10 Maxwell's thermic engine (weapon) {flame, freeze}
   (You found it in a treasure trove)

   It burns those it strikes, dealing additional fire damage.
   Big, fiery blades are also staple armaments of hydra-hunters.
   It freezes those it strikes, dealing additional cold damage.
   It can also slow down cold-blooded creatures.
   It becomes more effective when it hits something.
   This effect fades over time.
 b - a +3 demon blade of flaming
 c - a +0 double sword of freezing
Armour
 d - a +0 kite shield (worn)
 s - a +2 pair of gloves of hurling (worn)
 O - a scarf of resistance (worn)
 P - a +2 plate armour of poison resistance (worn)
Jewellery
 g - an amulet of regeneration (around neck)
 u - a ring of resist corrosion
 v - a ring of protection from cold
 B - the ring of Jaic (right hand) {rElec rC+ Will++ Int-3 Dex+2}
   (You found it on level 6 of the Dungeon)

   [ring of protection from cold]

   Int:       It affects your intelligence (-3).
   Dex:       It affects your dexterity (+2).
   rC:        It protects you from cold.
   rElec:     It insulates you from electricity.
   Will:      It greatly increases your willpower.
 Z - a +6 ring of strength (left hand)
Wands
 x - a wand of iceblast (8)
 L - a wand of digging (1)
Scrolls
 e - a scroll of fog
 f - a scroll of enchant weapon
 i - a scroll of teleportation
 m - 11 scrolls of fear
 t - 6 scrolls of noise
 y - 8 scrolls of immolation
 z - 3 scrolls of identify
 E - a scroll of acquirement
 J - 4 scrolls of magic mapping
Potions
 h - a potion of ambrosia
 j - 8 potions of curing
 k - 3 potions of haste
 l - a potion of mutation
 n - 2 potions of might
 o - a potion of brilliance
 r - 3 potions of heal wounds
 C - 2 potions of resistance
 I - 4 potions of flight
 Y - 2 potions of berserk rage


   Skills:
 + Level 18.2 Fighting
 + Level 19.6 Long Blades
 + Level 3.2 Axes
 + Level 17.2 Armour
 + Level 5.8 Dodging
 + Level 2.4 Stealth
 + Level 18.9 Shields
 + Level 2.6 Invocations
 + Level 0.5 Evocations


You had 16 spell levels left.
You didn't know any spells.
Your spell library contained the following spells:

 Spells                   Type           Power      Damage    Failure   Level
 Foxfire                  Conj/Fire      0%         2x1d4     99%         1
 Freeze                   Ice            0%         1d3       99%         1
 Magic Dart               Conj           0%         1d3       99%         1
 Searing Ray              Conj           0%         2d4       99%         2
 Sublimation of Blood     Necr           0%         N/A       99%         2
 Wereblood                Tmut           0%         N/A       99%         2
 Dazzling Flash           Conj/Hex       0%         N/A       100%        3
 Frozen Ramparts          Ice            0%         1d2       100%        3
 Mephitic Cloud           Conj/Pois/Air  0%         N/A       100%        3
 Ozocubu's Armour         Ice            0%         N/A       100%        3
 Teleport Other           Tloc           0%         N/A       100%        3
 Flame Wave               Conj/Fire      0%         2d4       100%        4
 Fulminant Prism          Conj/Hex       0%         3d6       100%        4
 Hailstorm                Conj/Ice       0%         3d3       100%        4
 Passage of Golubria      Tloc           0%         N/A       100%        4
 Petrify                  Tmut/Erth      0%         N/A       100%        4
 Agony                    Necr           0%         N/A       100%        5
 Blade Hands              Tmut           0%         N/A       100%        5
 Borgnjor's Vile Clutch   Necr/Erth      0%         N/A       100%        5
 Fireball                 Conj/Fire      0%         3d3       100%        5
 Irradiate                Conj/Tmut      0%         3d13      100%        5
 Lee's Rapid Deconstruct  Erth           0%         3d5*      100%        5
 Silence                  Hex/Air        0%         N/A       100%        5
 Yara's Violent Unravell  Hex/Tmut       0%         3d3       100%        5
 Dispersal                Tloc           0%         N/A       100%        6
 Iron Shot                Conj/Erth      0%         9d1       100%        6
 Orb of Destruction       Conj           0%         9d5       100%        7
 Ozocubu's Refrigeration  Ice            0%         4d5       100%        7
 Lehudib's Crystal Spear  Conj/Erth      0%         10d2      100%        8
 Call Imp                 Summ           Unusable   N/A       N/A         2
 Tukima's Dance           Hex            Unusable   N/A       N/A         3
 Animate Armour           Summ/Erth      Unusable   N/A       N/A         4
 Summon Hydra             Summ           Unusable   N/A       N/A         7

Dungeon Overview and Level Annotations

Branches:
Dungeon (15/15)            Temple (1/1) D:5            Lair (6/6) D:9
 Shoals (0/4) Lair:2       Spider (2/4) Lair:4        Slime (0/5) Lair:5
    Orc (2/2) D:9             Elf (2/3) Orc:2        Depths (0/4) D:15
  Sewer (visited)           IceCv (visited)         Volcano (visited)
 Vaults: D:13-14

Altars:
Ashenzari
Dithmenos
Elyvilon
Fedhas
Gozag
Hepliaklqana
Kikubaaqudgha
Okawaru
Qazlal
Ru
Sif Muna
Trog
Vehumet
Wu Jian
Yredelemnul
The Shining One
Beogh

Shops:
D:14 !!   Orc:2 *(=[   Elf:1 (   Elf:2 *

Annotations:
Lair:5 Casa
Elf:2 3 runed translucent doors


Innate Abilities, Weirdness & Mutations

You have a pair of horns on your head.
You reflexively headbutt those who attack you in melee.
Your magical capacity is low. (-10% MP)


Message History

The jumping spider leaps!
You block the jumping spider's attack.
The jumping spider bites you but does no damage.
The culicivora barely misses you.
You barely miss the jorogumo.
The jorogumo is almost dead.
The jumping spider leaps!
The jorogumo closely misses you. You furiously retaliate!
You headbutt the jorogumo, but do no damage.
The jumping spider pounces on you.
* * * LOW HITPOINT WARNING * * *
The jumping spider bites you but does no damage.
The culicivora bites you!
* * * LOW HITPOINT WARNING * * *
The culicivora draws strength from your injuries!
You slice the jorogumo!! You burn the jorogumo.
You kill the jorogumo!
Okawaru accepts your kill. You block the culicivora's attack.
The jumping spider misses you.
The jumping spider bites you but does no damage.
The jumping spider pounces on you.
* * * LOW HITPOINT WARNING * * *
You are caught in a web!
The jumping spider bites you but does no damage.
You struggle to detach yourself from the web.
The culicivora bites you but does no damage.
The jumping spider leaps! x3
Unknown command.
The web tears apart.
The jumping spider leaps!
You block the culicivora's attack.
The jumping spider leaps!
The culicivora bites you!
* * * LOW HITPOINT WARNING * * *
The culicivora draws strength from your injuries!
The jumping spider pounces on you but does no damage.
The jumping spider closely misses you.
You miss the culicivora. You headbutt the culicivora!!
The culicivora is heavily wounded.
The jumping spider pounces on you.
* * * LOW HITPOINT WARNING * * *
You block the jumping spider's attack. The culicivora bites you!!
You die...

....s.s.#.
.....#s... ##
.#.#.# .##. #.
.#...# .(#.##..##
.#.... ..... ^..
###..........##.#
.#..^..# #...○##
#..?.... ##..#ss#
^..≈ #s.s.#@#
.^s^ #..#ss#†#
.... ≈.. #..s.#
.≈.s ≈ ......#°#
.≈.. ....#...#
.s^. ..#....°#.#
. ≈.. #..##...#
#. .. #.. ...##
.# ^^ #^## ##s.


You could see a culicivora and 2 jumping spiders.

Vanquished Creatures
  Saint Roka (Elf:1)
  Mlioglotl (Spider:2)
  Frances (Spider:1)
  Kirke (Lair:6)
  An emperor scorpion (Spider:2)
  A deep elf sorcerer (Elf:1)
  An orc warlord (Orc:1)
  A deep elf elementalist (Elf:2)
  An entropy weaver (Spider:1)
  Azrael (Spider:1)
  A deep elf demonologist (Elf:1)
  A deep elf annihilator (Elf:1)
  Josephine (Lair:3)
  An ice dragon (Lair:4)
  A jorogumo (Spider:2)
  A radroach (Spider:1)
  5 hydras
  2 ironbound frosthearts (IceCv)
  6 centaur warriors
  2 catoblepae
  A merfolk avatar (Lair:6)
  5 boulder beetles
  2 death knights (D:14)
  15 dancing weapons
  5 two-headed ogres
  9 death yaks
  5 orc high priests
  5 deep elf knights
  Urug (D:10)
  2 skeletal warriors (D:14)
  4 pharaoh ants
  4 steelbarb worms (Spider:1)
  6 orb spiders (Spider:2)
  5 deep elf archers
  2 phantasmal warriors (D:14)
  17 deep elf pyromancers
  A necromancer (D:15)
  A wizard (D:15)
  24 deep elf zephyrmancers
  A wolf spider zombie (D:15)
  2 orc knights (Orc:1)
  6 orc sorcerers
  10 wolf spiders
  2 ugly things
  5 manticores
  An oklob plant (Lair:1)
  2 cyclopes (D:15)
  2 black mambas
  A merfolk siren (Lair:2)
  A naga mage (D:15)
  7 elephants (Lair:6)
  2 molten gargoyles (Volcano)
  2 torpor snails (Spider:2)
  2 rust devils (D:8)
  An ice statue (IceCv)
  A smoke demon (Volcano)
  11 cane toads
  5 rime drakes
  A centaur skeleton (D:15)
  An unseen horror (D:13)
  4 demonic crawlers
  6 komodo dragons
  4 kobold demonologists
  A rime drake (shapeshifter) (D:15)
  5 trolls
  17 polar bears
  A wolf spider simulacrum (D:15)
  2 wind drakes (Lair:6)
  3 hornets (Lair:6)
  14 tarantellas
  Grinder (D:5)
  9 slime creatures (D:14)
  A snapping turtle (Lair:6)
  18 blink frogs
  A water elemental (D:14)
  9 jumping spiders
  2 shadows
  13 culicivoras
  10 wraiths
  A wyvern (Lair:5)
  A spriggan (Lair:6)
  7 fire elementals
  3 basilisks
  41 yaks
  3 humans (Lair:6)
  The ghost of Ablot the Grasshopper, an amateur GnWr (D:3)
  3 hogs (Lair:6)
  2 fire bats (Volcano)
  A redback (shapeshifter) (D:11)
  21 redbacks
  5 vampire mosquitoes
  6 steam dragons
  5 hell hounds
  2 acid dragons (D:13)
  Duvessa (D:5)
  12 water moccasins
  2 ice beasts
  42 orc warriors
  A sky beast (D:7)
  2 black bears
  A necrophage (D:5)
  72 wolves
  16 centaurs
  6 ogres
  4 kobold brigands
  5 scorpions
  19 bullfrogs
  A gnoll sergeant (D:10)
  3 wyvern zombies
  Dowan (D:5)
  A water moccasin skeleton (D:5)
  19 killer bees
  5 wights
  7 electric eels
  7 lava snakes (Volcano)
  4 centaur zombies
  A human zombie (D:8)
  2 jellies
  3 bullfrog skeletons
  10 orc priests
  A gnoll shaman (Orc:2)
  3 hounds
  Natasha (thrice) (D:3)
  Jessica (D:3)
  An iguana (D:6)
  18 orc wizards
  5 hell rats (Lair:1)
  3 killer bee zombies
  A hound zombie (D:5)
  3 mummies (D:8)
  A howler monkey zombie (D:8)
  6 gnolls
  2 river rats (Sewer)
  11 adders
  2 white imps (Lair:4)
  5 worms
  3 dart slugs
  72 orcs
  9 ball pythons
  8 endoplasms
  13 giant cockroaches
  6 goblins
  3 hobgoblins
  4 jackals (D:2)
  A quokka (D:1)
  3 bats (D:1)
  3 frilled lizards
  19 kobolds
  12 rats
  A butterfly (D:5)
  A fungus (Lair:1)
905 creatures vanquished.

Vanquished Creatures (others)
  Jorgrun (D:13)
  A deep elf knight (Elf:1)
  A deep elf archer (Elf:1)
  A tengu conjurer (D:15)
  A hornet (shapeshifter) (Elf:2)
  62 fungi
  68 plants
135 creatures vanquished.

Grand Total: 1040 creatures vanquished

Notes
Turn   | Place    | Note
-------+----------+-------------------------------------------
     0 | D:1      | Peloso the Minotaur Fighter began the quest for the Orb.
     0 | D:1      | Reached XP level 1. HP: 19/19 MP: 0/0
   209 | D:1      | Reached XP level 2. HP: 24/27 MP: 1/1
   675 | D:2      | Reached XP level 3. HP: 33/33 MP: 2/2
   740 | D:2      | Reached skill level 3 in Long Blades
   834 | D:2      | Found a blossoming altar of Fedhas.
  1129 | D:3      | Reached XP level 4. HP: 41/41 MP: 3/3
  1192 | D:3      | Found a faded altar of an unknown god.
  1198 | D:3      | Noticed Natasha
  1214 | D:3      | Killed Natasha
  1279 | D:3      | Reached skill level 5 in Armour
  1279 | D:3      | Reached XP level 5. HP: 35/47 MP: 4/4
  1333 | D:3      | Found a white marble altar of Elyvilon.
  1346 | D:3      | Noticed Natasha
  1354 | D:3      | Killed Natasha
  1362 | D:3      | Found a shadowy altar of Dithmenos.
  1381 | D:3      | HP: 2/46 [orc priest/divine providence (13)]
  1384 | D:3      | Reached skill level 4 in Long Blades
  1467 | D:3      | Reached XP level 6. HP: 51/53 MP: 5/5
  1523 | D:3      | Identified the +2 scale mail "Dymudeenk" {Dex+4 Stlth+}
  1524 | D:3      | Found a runed translucent gate.
  1524 | D:3      | Found a runed translucent gate.
  1524 | D:3      | Found a runed translucent gate.
  1525 | D:3      | Noticed Ablot's ghost (amateur GnWr)
  1574 | D:3      | Noticed Jessica
  1581 | D:3      | Killed Jessica
  1582 | D:3      | Reached skill level 5 in Fighting
  1672 | D:3      | Noticed Natasha
  1679 | D:3      | Killed Natasha
  1882 | D:3      | Reached skill level 5 in Shields
  1929 | D:3      | Reached skill level 1 in Dodging
  1957 | D:4      | Reached XP level 7. HP: 61/62 MP: 6/6
  1962 | D:4      | Reached skill level 5 in Long Blades
  2246 | D:5      | Entered Level 5 of the Dungeon
  2352 | D:5      | Reached skill level 6 in Long Blades
  2437 | D:5      | Reached XP level 8. HP: 46/70 MP: 7/7
  2477 | D:5      | Noticed Duvessa
  2479 | D:5      | Noticed Dowan
  2489 | D:5      | Killed Duvessa
  2499 | D:5      | Killed Dowan
  2572 | D:5      | Noticed Grinder
  2579 | D:5      | Paralysed by Grinder for 3 turns
  2582 | D:5      | Killed Grinder
  2583 | D:5      | Reached skill level 7 in Long Blades
  2589 | D:5      | Found a staircase to the Ecumenical Temple.
  2597 | Temple   | Entered the Ecumenical Temple
  2691 | Temple   | Became a worshipper of Warmaster Okawaru
  2768 | D:5      | Found a glowing drain.
  2778 | Sewer    | Entered a sewer
  3193 | D:5      | Reached skill level 8 in Long Blades
  3198 | D:5      | Found a runed translucent door.
  3200 | D:5      | Found a runed translucent door.
  3265 | D:5      | Found an opulent altar of Gozag.
  3507 | D:6      | Reached * piety under Okawaru
  3583 | D:6      | Identified the ring of Jaic {rElec rC+ Will++ Int-3 Dex+2}
  3607 | D:6      | Reached XP level 9. HP: 32/78 MP: 8/8
  3703 | D:6      | Reached skill level 9 in Long Blades
  3836 | D:6      | Reached ** piety under Okawaru
  4299 | D:7      | Noticed a white ugly thing
  4315 | D:7      | Killed a white ugly thing
  4316 | D:7      | Reached skill level 10 in Long Blades
  4375 | D:7      | Found a basalt altar of Yredelemnul.
  5426 | D:8      | Reached skill level 1 in Invocations
  5536 | D:8      | Reached XP level 10. HP: 66/86 MP: 9/9
  5542 | D:8      | Reached skill level 11 in Long Blades
  5703 | D:8      | Found an ancient bone altar of Kikubaaqudgha.
  6171 | D:7      | Noticed a rust devil
  6171 | D:7      | Noticed a rust devil
  6211 | D:8      | Killed a rust devil
  6214 | D:8      | Killed a rust devil
  6214 | D:8      | Reached *** piety under Okawaru
  6269 | D:7      | Reached skill level 10 in Armour
  6493 | D:9      | Reached skill level 12 in Long Blades
  6546 | D:9      | Found a transporter.
  6594 | D:9      | Found a staircase to the Lair.
  6687 | D:9      | Found a transporter.
  6688 | D:9      | Found a transporter.
  6802 | D:9      | Found a transporter.
  6855 | D:9      | Found a transporter.
  6861 | D:9      | Reached **** piety under Okawaru
  6883 | D:9      | Found a transporter.
  6932 | D:9      | Found a staircase to the Orcish Mines.
  7046 | D:9      | Reached XP level 11. HP: 95/95 MP: 10/10
  7114 | D:9      | Found a sacrificial altar of Ru.
  7504 | D:10     | Entered Level 10 of the Dungeon
  7617 | D:10     | Reached ***** piety under Okawaru
  7690 | D:10     | Found an ornate altar of the Wu Jian Council.
  7848 | D:10     | Found a stormy altar of Qazlal.
  7901 | D:10     | Reached skill level 13 in Long Blades
  8007 | D:10     | Noticed Urug
  8019 | D:10     | Killed Urug
  8020 | D:10     | Reached skill level 10 in Shields
  8394 | D:11     | Noticed a two-headed ogre
  8402 | D:11     | Killed a two-headed ogre
  8460 | D:11     | Found a frozen archway.
  8479 | IceCv    | Entered an ice cave
  8583 | IceCv    | Noticed a death yak
  8583 | IceCv    | Noticed a death yak
  8592 | IceCv    | Noticed a death yak
  8604 | IceCv    | Killed a death yak
  8612 | IceCv    | Killed a death yak
  8612 | IceCv    | Received a gift from Okawaru
  8622 | IceCv    | HP: 2/99 [death yak (21)]
  8623 | IceCv    | Killed a death yak
  8773 | IceCv    | Reached skill level 10 in Fighting
  8817 | IceCv    | Reached ****** piety under Okawaru
  8830 | IceCv    | Reached skill level 14 in Long Blades
  9000 | IceCv    | Noticed an ironbound frostheart
  9022 | IceCv    | Reached XP level 12. HP: 89/107 MP: 12/12
  9043 | IceCv    | Identified the +3 robe of Defence {rC+ Regen+} (Okawaru
                  | gifted it to you in an ice cave)
  9043 | IceCv    | Received a gift from Okawaru
  9172 | IceCv    | Noticed a death yak
  9185 | IceCv    | Killed a death yak
  9266 | IceCv    | Killed an ironbound frostheart
  9404 | IceCv    | Noticed an ironbound frostheart
  9420 | IceCv    | Killed an ironbound frostheart
  9657 | D:11     | Noticed a two-headed ogre
  9663 | D:11     | Killed a two-headed ogre
 10304 | D:11     | Reached skill level 15 in Long Blades
 10716 | D:12     | Reached skill level 1 in Stealth
 10833 | D:12     | Noticed a two-headed ogre
 10841 | D:12     | Killed a two-headed ogre
 10885 | D:12     | Noticed a five-headed hydra
 10912 | D:13     | Noticed a centaur warrior
 10917 | D:13     | Killed a centaur warrior
 10917 | D:13     | Identified the +8 falchion of Eternal Vigilance {vamp,
                  | rPois Str+4 Stlth-} (Okawaru gifted it to you on level 13
                  | of the Dungeon)
 10917 | D:13     | Received a gift from Okawaru
 11163 | D:13     | Noticed a boulder beetle
 11175 | D:13     | Killed a boulder beetle
 11176 | D:13     | Reached XP level 13. HP: 110/118 MP: 13/13
 11273 | D:13     | Noticed Jorgrun
 11293 | D:13     | Killed Jorgrun
 11455 | D:13     | Found a portal to a secret trove of treasure.
 11933 | Orc:1    | Entered Level 1 of the Orcish Mines
 12411 | Orc:2    | Entered Level 2 of the Orcish Mines
 12411 | Orc:2    | Found Giosojuk's General Store.
 12486 | Orc:2    | Noticed an orc warlord
 12547 | Orc:1    | Killed an orc warlord
 12547 | Orc:1    | Identified the +3 great sword "Stringbean" {antimagic,
                  | Contam Int+2 Dex+3} (Okawaru gifted it to you on level 1 of
                  | the Orcish Mines)
 12547 | Orc:1    | Received a gift from Okawaru
 12591 | Orc:1    | Reached skill level 16 in Long Blades
 12864 | Orc:2    | Found Qabif's Antique Weapon Emporium.
 13079 | Orc:2    | Found Ulunok's Jewellery Boutique.
 13202 | Orc:2    | Identified the +6 great sword of Stickiness {venom, Drain
                  | rC+ Int+3} (Okawaru gifted it to you on level 2 of the
                  | Orcish Mines)
 13202 | Orc:2    | Received a gift from Okawaru
 13244 | Orc:2    | Found a staircase to the Elven Halls.
 13313 | Orc:2    | Found Mumuxan's Antique Armour Shoppe.
 13735 | Lair:1   | Entered Level 1 of the Lair of Beasts
 14406 | Lair:1   | Found a blossoming altar of Fedhas.
 15053 | Lair:2   | Found a staircase to the Shoals.
 15611 | Lair:3   | Reached XP level 14. HP: 116/129 MP: 14/14
 15615 | Lair:3   | Identified the -9 tower shield of Cojix {rElec rF+ SInv}
                  | (Okawaru gifted it to you on level 3 of the Lair of Beasts)
 15615 | Lair:3   | Received a gift from Okawaru
 15986 | Lair:3   | Identified the +10 mace "Boowam" {drain, *Rage rC+ rN++
                  | SInv}
 16583 | Lair:4   | Reached skill level 17 in Long Blades
 16620 | Lair:4   | Got Ucsethrim's Incunabulum of Translocation and the Blaze
 16854 | Lair:4   | Reached skill level 1 in Axes
 17366 | Lair:4   | Noticed Josephine
 17391 | Lair:3   | Killed Josephine
 17567 | Lair:4   | Found a hole to the Spider Nest.
 17897 | Orc:2    | Bought a potion of haste for 150 gold pieces
 17897 | Orc:2    | Bought a potion of curing for 45 gold pieces
 18213 | D:3      | Killed Ablot's ghost
 18376 | D:5      | Reached skill level 15 in Shields
 18967 | D:14     | Found Woirus's Distillery.
 18980 | D:14     | Bought a potion of brilliance for 60 gold pieces
 18980 | D:14     | Bought a potion of curing for 45 gold pieces
 19086 | D:14     | Found Zucraukut's Distillery.
 19093 | D:14     | Received a gift from Okawaru
 19123 | D:14     | Bought a potion of berserk rage for 75 gold pieces
 19123 | D:14     | Bought a potion of might for 60 gold pieces
 19401 | D:14     | Got the Handbook of Dusty Displacement
 19479 | D:14     | Reached skill level 15 in Armour
 19535 | D:14     | Found a broken altar of Ashenzari.
 20154 | D:15     | Entered Level 15 of the Dungeon
 20484 | D:15     | Received a gift from Okawaru
 20517 | D:15     | Found a staircase to the Depths.
 20615 | D:15     | Reached skill level 15 in Fighting
 20655 | D:15     | Reached XP level 15. HP: 109/137 MP: 15/15
 21329 | Lair:5   | Received a gift from Okawaru
 21389 | Lair:5   | Found a staircase to the Slime Pits.
 21511 | Lair:5   | Reached skill level 18 in Long Blades
 21689 | Lair:5   | Identified the +2 cloak "Qeomezx Teos" {-Cast rN+ Dex+2}
 22292 | Lair:6   | Entered Level 6 of the Lair of Beasts
 22369 | Lair:6   | Reached skill level 5 in Dodging
 22481 | Lair:6   | Found a dark tunnel.
 22491 | Volcano  | Entered a volcano
 22839 | Volcano  | Found a radiant altar of Vehumet.
 22988 | Volcano  | Identified the +1 fire dragon scales "Bilumemo" {rF++ rC-
                  | Int+3}
 23900 | Lair:6   | Identified the +6 trident of Resumed Hostilities {flame,
                  | rPois Str+3 Dex+6 Stlth-}
 24067 | Lair:6   | Noticed Kirke
 24086 | Lair:6   | Killed Kirke
 24086 | Lair:6   | Identified the +1 cloak of Mutualism {rCorr SInv} (Okawaru
                  | gifted it to you on level 6 of the Lair of Beasts)
 24086 | Lair:6   | Received a gift from Okawaru
 24518 | Lair:5   | Identified a scroll of acquirement
 24716 | Elf:1    | Entered Level 1 of the Elven Halls
 24747 | Elf:1    | Found a radiant altar of Vehumet.
 25097 | Elf:1    | Noticed a deep elf sorcerer
 25106 | Elf:1    | Killed a deep elf sorcerer
 25219 | Elf:1    | Gained mutation: Your magical capacity is low. (-10% MP) [a
                  | neqoxec]
 25431 | Elf:1    | Reached XP level 16. HP: 103/152 MP: 15/15
 25518 | Elf:1    | Identified the +8 bardiche of Obsession {vamp, Stlth+}
                  | (Okawaru gifted it to you on level 1 of the Elven Halls)
 25518 | Elf:1    | Received a gift from Okawaru
 25669 | Elf:1    | Got the Reference Book on Conjuration
 25873 | Elf:1    | Found Nepeozua's Antique Weapon Emporium.
 26115 | Elf:1    | Acquired 824 gold pieces
 26117 | Elf:1    | Acquired 849 gold pieces
 26157 | Elf:2    | Noticed Saint Roka
 26183 | Elf:1    | Killed Saint Roka
 26324 | Elf:2    | Reached skill level 19 in Long Blades
 26572 | Elf:2    | Found a runed translucent gate.
 26572 | Elf:2    | Found a runed translucent gate.
 26572 | Elf:2    | Found a runed translucent gate.
 27565 | D:13     | You paid a toll of 4 scrolls of blinking to enter a
                  | treasure trove
 27566 | Trove    | Entered a treasure trove
 27568 | Trove    | Found the +2 Maxwell's thermic engine {flame, freeze}
 27586 | Trove    | Identified the +3 dagger "Tuole" {speed, rF+}
 27587 | Trove    | Identified the +7 demon blade "Waqegh" {drain, rN+ Str+7}
 27590 | Trove    | Identified the +4 triple sword of Fortitude {drain, rF-
                  | Str+8}
 27591 | Trove    | Identified the +8 mace of Forgiveness {vorpal, rN+ Dex+7}
 28169 | Elf:2    | Found Noasinli's General Store.
 28191 | Elf:2    | Received a gift from Okawaru
 28298 | Elf:2    | Bought a scroll of enchant weapon for 82 gold pieces
 28298 | Elf:2    | Bought a potion of heal wounds for 55 gold pieces
 28758 | Spider:1 | Entered Level 1 of the Spider Nest
 28818 | Spider:1 | Noticed Frances
 28835 | Spider:1 | Killed Frances
 28898 | Spider:1 | Noticed Azrael
 28915 | Spider:1 | Killed Azrael
 29299 | Spider:1 | Received a gift from Okawaru
 30373 | Spider:2 | Noticed Mlioglotl
 30389 | Spider:2 | Killed Mlioglotl
 30390 | Spider:2 | Reached XP level 17. HP: 108/163 MP: 14/16
 30550 | Spider:2 | Mangled by a culicivora

Illustrated notes

Levels and vault maps discovered:
D:1:      dpeg_arrival_round_b, layout_rooms
D:2:      layout_rooms, basic_altar
D:3:      layout_basic, lemuel_doored_altar, mainiacjoe_overflow_24_doors,
          dreamdust_ecumenical_altar_grove, biasface_ghost_orc_armoury,
          uniq_jessica, uniq_natasha
D:4:      layout_gridville, minmay_between
D:5:      lemuel_insect_pit, layout_basic, mainiacjoe_overflow_alcove_4,
          minmay_temple_entry_enclosed_plants, portal_sewer_entry_a,
          uniq_duvessa, uniq_grinder
D:6:      layout_loops_ring, kennysheep_generic_room_12
D:7:      cheibrodos_iron_armory, layout_basic, lemuel_tele_altar,
          kennysheep_decorative_pillar
D:8:      layout_basic, lemuel_mausoleum_altar_kikubaaqudgha, glass_columns_b
D:9:      layout_cave_pods, nicolae_ru_path_of_blood,
          grunt_lair_entry_orc_guard_hut, orc_0_dummy, serial_nicolae_subway,
          nicolae_sub_station_crystal, nicolae_sub_station_metal,
          nicolae_sub_station_stone
D:10:     layout_roguey, nicolae_qazlal_style_of_elements, lemuel_round_altar,
          uniq_urug
D:11:     layout_grid_maze, portal_ice_cave_rime
D:12:     layout_loops_ring
D:13:     layout_roguey, nicolae_trove_entry_crossroad, uniq_jorgrun
D:14:     layout_gridville, grunt_vaults_entry_fortified, serial_shops,
          nicolae_shop_advertising_works [nicolae_subvault_shop_adworks],
          nicolae_shop_statue_plus, hangedman_decor_opposing,
          nicolae_ashenzari_skybound
D:15:     grunt_enter_depths_magical_seal, layout_basic
Temple:   minmay_temple_curvy_branch
Lair:1:   layout_loops_ring, st_stairs_9, tgw_fedhas, serial_bayou_shore_b,
          grunt_megastairs_3
Lair:2:   layout_misc_corridors, elwin_shoals_entry_rooms, beast_lair_carwin_8
Lair:3:   layout_regular_city, serial_bayou_shore_b, serial_bayou_shore_b
Lair:4:   layout_small_grid, spider_nest_entry_funnel_web, serial_bayou,
          serial_bayou_pond_d, serial_bayou_pond_e, serial_bayou_crossing,
          serial_bayou_shore_a, bobbens_ice_dragon_lair, uniq_josephine
Lair:5:   layout_regular_city, slime_dummy, serial_bayou_shore_b
Lair:6:   gammafunk_lair_ancient_temple, layout_layer_cave, enter_volcano_2,
          nicolae_lair_grove_arrangements, grunt_forest_large_clearings,
          uniq_kirke
Spider:1: layout_chambers, uniq_azrael, uniq_frances
Spider:2: nicolae_spider_mines_1, nicolae_orb_stairs, uniq_mlioglotl
Orc:1:    layout_diamond_mine
Orc:2:    grunt_orc_gardens, layout_diamond_mine, grunt_orc_garden,
          grunt_orc_garden, grunt_orc_garden, grunt_orc_garden,
          hellmonk_bongcloud_opening
Elf:1:    eino_elf_arrival_altar, layout_geoelf_diagonals, serial_shops, shop,
          minmay_elf_annihilation, kilobyte_mutagenic_chamber
Elf:2:    elven_hall_of_blades_hangedman_original [grunt_blade_entry_basic],
          layout_geoelf_octagon, serial_shops, nicolae_shop_window_shopping,
          uniq_saint_roka

Skill      XL: |  1  2  3  4  5  6  7  8  9 10 11 12 13 14 15 16 |
---------------+-------------------------------------------------+-----
Armour         | 4 5 7 9 10 12 13 15 16 17 | 17.2
Shields        | 4 5 6 7 8 9 11 12 14 15 17 18 | 18.9
Fighting       | 4 5 6 7 8 10 12 13 15 16 18 | 18.2
Long Blades    | 3 4 6 8 10 12 14 15 16 17 18 19 | 19.6
Dodging        | 1 2 3 4 5 |  5.8
Invocations    | 1 2 |  2.6
Stealth        | 1 2 |  2.4
Axes           | 2 3 |  3.2
Evocations     | |  0.5

Action                   |  1- 3 |  4- 6 |  7- 9 | 10-12 | 13-15 | 16-18 || total
-------------------------+-------+-------+-------+-------+-------+-------++-------
Melee: Long sword        |   102 |   170 |   221 |       |       |       ||   493
       Headbutt          |    13 |    20 |    58 |   153 |   321 |   107 ||   672
       Scimitar          |       |       |    56 |   491 |       |       ||   547
       Double sword      |       |       |       |   115 |  1341 |   506 ||  1962
       Falchion          |       |       |       |    18 |    72 |       ||    90
       War axe           |       |       |       |       |    40 |       ||    40
Invok: Heroism           |       |       |     1 |    11 |    15 |     5 ||    32
Evoke: Wand              |       |       |       |       |     6 |       ||     6
  Use: Potion            |       |     2 |       |     1 |     5 |     6 ||    14
       Scroll            |       |       |     8 |     7 |    15 |     5 ||    35
Armor: Scale mail        |    15 |       |       |       |       |       ||    15
       Plate armour      |    72 |   224 |   159 |   184 |   632 |   253 ||  1524
       Ice dragon scales |       |       |       |   112 |    63 |       ||   175
Dodge: Dodged            |    41 |    49 |    59 |   172 |   522 |   159 ||  1002
Block: Buckler           |    17 |       |       |       |       |       ||    17
       Kite shield       |    23 |   126 |   151 |   394 |  1071 |   343 ||  2108
